 Dungeon Crawl Stone Soup version 0.31-a0-277-g31ea1f65cc (webtiles) character file.

Game seed: 14384261239439328561

108 Gelion the Conjurer (level 4, 0/25 HPs)
             Began as a Deep Elf Conjurer on July 15, 2023.
             Slain by a black bear (1 damage)
             ... on level 4 of the Dungeon.
             The game lasted 00:05:46 (3305 turns).

Gelion the Conjurer (Deep Elf Conjurer)             Turns: 3305, Time: 00:05:46

Health: 0/25       AC:  3    Str:  4    XL:     4   Next: 58%
Magic:  4/12       EV: 13    Int: 25    God:
Gold:   181        SH:  0    Dex: 13    Spells: 9/12 levels left

rFire   . . .        (no weapon)
rCold   . . .        (no shield)
rNeg    . . .        a - +0 robe
rPois   .            (no helmet)
rElec   .            h - +0 cloak
rCorr   .            (no gloves)
SInv    .            (no boots)
Will    .....        (no amulet)
Stlth   ++           (no ring)
HPRegen 0.24/turn    (no ring)
MPRegen 0.13/turn

%: no passive effects
@: no status effects
A: no striking features
a: no special abilities


You were on level 4 of the Dungeon.
You visited 1 branch of the dungeon, and saw 4 of its levels.

You collected 181 gold pieces.

Inventory:

Armour
 a - a +0 robe (worn)
 h - a +0 cloak (worn)
Talismans
 n - a serpent talisman
Scrolls
 c - a scroll of immolation {unknown}
 d - a scroll of vulnerability {unknown}
 e - 2 scrolls of teleportation {unknown}
 g - 2 scrolls of revelation {unknown}
 k - a scroll of identify {unknown}
 l - 2 scrolls of fog {unknown}
 m - a scroll of enchant weapon {unknown}
Potions
 b - a potion of magic
 f - 2 potions of curing {unknown}
 j - a potion of brilliance {unknown}


   Skills:
 + Level 1.0 Fighting
 + Level 3.2 Dodging
 - Level 2.4 Stealth
 * Level 4.6 Spellcasting
 * Level 5.2 Conjurations
 + Level 0.0 Shapeshifting


You had 9 spell levels left.
You knew the following spells:

 Your Spells              Type           Power      Damage    Failure   Level
a - Magic Dart            Conj           100%       1d8       1%          1
b - Searing Ray           Conj           64%        2d6       1%          2

Your spell library contained the following spells:

 Spells                   Type           Power      Damage    Failure   Level
 Dazzling Flash           Conj/Hex       36%        N/A       9%          3
 Poisonous Vapours        Pois/Air       10%        N/A       13%         2
 Mephitic Cloud           Conj/Pois/Air  14%        N/A       13%         3
 Frozen Ramparts          Ice            10%        1d2       26%         3
 Fulminant Prism          Conj/Hex       9%         3d7       28%         4
 Iskenderun's Mystic Bla  Conj/Tloc      18%        2d6       28%         4
 Manifold Assault         Tloc           5%         N/A       65%         4
 Petrify                  Tmut/Erth      5%         N/A       65%         4
 Freezing Cloud           Conj/Ice/Air   7%         6-21      75%         5
 Metabolic Englaciation   Hex/Ice        2%         N/A       94%         5
 Yara's Violent Unravell  Hex/Tmut       2%         3d3       94%         5
 Leda's Unmaking          Conj/Erth      9%         9d2       99%         6
 Dispersal                Tloc           2%         N/A       100%        6
 Disjunction              Tloc           2%         N/A       100%        8
 Lehudib's Crystal Spear  Conj/Erth      9%         10d4      100%        8


Dungeon Overview and Level Annotations

Branches:
Dungeon (4/15)
 Temple: D:4-7

Altars:

Shops:
D:1 [


Message History

Aiming: Magic Dart (safe; 1% risk of failure)
Press: ? - help, Shift-Dir - straight line, f/p - black bear
Aim: a black bear (lightly wounded, 100% to hit)
The magic dart hits the black bear.
The black bear is moderately wounded.
Casting: Magic Dart (safe; 1% risk of failure)
Confirm with . or Enter, or press ? or * to list all spells.
Aiming: Searing Ray (safe; 1% risk of failure)
Press: ? - help, Shift-Dir - straight line, f/p - black bear
Aim: a black bear (moderately wounded, 86% to hit)
The searing ray misses the black bear. (Press . to maintain the ray.) Unknown command.
The searing ray hits the black bear.
The black bear is moderately wounded.
You finish channelling your searing ray.
Casting: Searing Ray (safe; 1% risk of failure)
Confirm with . or Enter, or press ? or * to list all spells.
Aiming: Searing Ray (safe; 1% risk of failure)
Press: ? - help, Shift-Dir - straight line, f/p - black bear
Aim: a black bear (moderately wounded, 86% to hit)
The searing ray hits the black bear.
The black bear is heavily wounded. (Press . to maintain the ray.)
The searing ray hits the black bear!
The black bear is severely wounded.
The searing ray hits the black bear.
The black bear is almost dead.
The black bear goes berserk!
The searing ray misses the black bear.
You finish channelling your searing ray.
The black bear closely misses you.
The black bear claws you but does no damage.
The black bear claws you. The black bear bites you! The black bear misses you.
The black bear claws you.
* * * LOW HITPOINT WARNING * * *
The black bear misses you. The black bear claws you.
* * * LOW HITPOINT WARNING * * *
The black bear claws you.
You die...

##)..#........"......
##...#...............
#...#....#...............
#...#....#...............
#...#....#...............
#...#....#...............
#...#....#)..............
#...#...h# .......W......
#...#...@# #...'....#
#...#....# #...#....#
#...#....# #...#^...#
#...#....# #...#....#
#...#....#


You could see a black bear (berserk).

Vanquished Creatures
  4 adders
  2 worms (D:2)
  A dart slug (D:1)
  An orc (D:4)
  8 ball pythons
  8 bats
  6 endoplasms
  4 giant cockroaches
  7 goblins
  3 hobgoblins (D:1)
  3 quokkas
  6 frilled lizards
  3 kobolds
  3 rats
59 creatures vanquished.

Notes
Turn   | Place    | Note
-------+----------+-------------------------------------------
     0 | D:1      | Gelion the Deep Elf Conjurer began the quest for the Orb.
     0 | D:1      | Reached XP level 1. HP: 10/10 MP: 6/6
   121 | D:1      | You fall into a shaft and drop 1 floor!
   302 | D:1      | Reached XP level 2. HP: 15/15 MP: 4/8
   736 | D:1      | Found Saf Dib's Armour Emporium.
   796 | D:1      | Got the Volume of Ironbound Beguiling
   843 | D:1      | Reached XP level 3. HP: 20/20 MP: 6/10
  1707 | D:2      | Reached skill level 5 in Conjurations
  1850 | D:2      | Learned a level 2 spell: Searing Ray
  2069 | D:2      | Reached XP level 4. HP: 24/24 MP: 3/12
  2199 | D:2      | Reached skill level 1 in Fighting
  3270 | D:4      | Noticed a black bear
  3272 | D:4      | Noticed a phantom
  3305 | D:4      | HP: 1/25 [black bear (5)]
  3305 | D:4      | Slain by a black bear

Illustrated notes

Levels and vault maps discovered:
D:1:      amcnicky_arrival_blooded_trapdoor, layout_basic, serial_shops,
          nicolae_shop_tiny_statue_garden
D:2:      layout_loops_ring, minmay_misc_feat_ornament, patterned_corridor
D:3:      layout_loops_ring
D:4:      layout_gridville, kennysheep_generic_room_12

Skill      XL: |  1  2  3  4 |
---------------+-------------+-----
Spellcasting   | 4 |  4.6
Conjurations   | 5 |  5.2
Dodging        | 3 |  3.2
Fighting       | 1 |  1.0
Stealth        | |  2.4

Action                     |  1- 3 |  4- 6 || total
---------------------------+-------+-------++-------
  Melee: Unarmed           |       |     1 ||     1
   Cast: Magic Dart        |    86 |    30 ||   116
         Searing Ray       |     1 |     4 ||     5
   Stab: Sleeping          |       |     1 ||     1
 Armour: Robe              |     2 |     3 ||     5
  Dodge: Dodged            |     5 |     5 ||    10

Table legend: (Time is in decaauts)
 A = Elapsed time spent in this place.
 B = Non-inter-level travel time spent in this place.
 C = Inter-level travel time spent in this place.
 D = Time resting spent in this place.
 E = Time spent auto-exploring this place.
 F = Levels seen in this place.
 G = Mean time per level.
                   A        B        C        D        E       F      G
               +--------+--------+--------+--------+--------+-----+--------+
         Total |   3303 |   3212 |     91 |      0 |   2927 |   4 |  825.8 |
       Dungeon |   3303 |   3212 |     91 |      0 |   2927 |   4 |  825.8 |
               +--------+--------+--------+--------+--------+-----+--------+

Top non-repeatable levels by time:
     D:1: 1250 daAuts
     D:2: 1167 daAuts
     D:3: 769 daAuts
     D:4: 115 daAuts
